 Dungeon Crawl Stone Soup version 0.25-a0-290-g4a1327ee3a (webtiles) character file.

Game seed: 15916263235079255104, levelgen mode: deterministic

155 Gargoyl the Skirmisher (level 5, 0/46 HPs)
             Began as a Centaur Abyssal Knight on Dec 14, 2019.
             Was a Believer of Lugonu.
             Slain by Grinder (1 damage)
             ... on level 3 of the Dungeon.
             The game lasted 00:06:00 (1631 turns).

Gargoyl the Skirmisher (Centaur Abyssal Knight)     Turns: 1631, Time: 00:06:01

Health: 0/46       AC:  0    Str: 15    XL:     5   Next: 14%
Magic:  7/7        EV: 14    Int: 11    God:    Lugonu [**....]
Gold:   138        SH:  0    Dex:  9    Spells: 4/4 levels left

rFire    . . .     SeeInvis .   (weapon currently unavailable)
rCold    . . .     Gourm    .   (shield currently unavailable)
rNeg     . . .     Faith    .   (armour currently unavailable)
rPois    .         Spirit   .   (helmet currently unavailable)
rElec    .         Reflect  .   (cloak currently unavailable)
rCorr    .         Harm     .   (gloves currently unavailable)
MR       .....                  (no barding)
Stlth    +.........             d - amulet of regeneration
HPRegen  0.55/turn              (ring currently unavailable)
MPRegen  0.10/turn              (ring currently unavailable)

@: pig-form, flying, very quick
A: small
a: Depart the Abyss, Bend Space, Renounce Religion


You were on level 3 of the Dungeon.
You worshipped Lugonu.
Lugonu was pleased with you.
You were hungry.
You were a filthy swine.
You visited 1 branch of the dungeon, and saw 3 of its levels.
You visited the Abyss 1 time.

You collected 138 gold pieces.

Inventory:

Hand Weapons
 a - a +1 hand axe (melded)
Armour
 e - a +0 chain mail (melded)
 s - a +1 helmet (melded)
Jewellery
 d - an amulet of regeneration (around neck)
Wands
 u - a wand of iceblast (8)
Scrolls
 g - a scroll of remove curse
Potions
 f - a potion of curing {unknown}
 h - a potion of flight
 i - a potion of brilliance {unknown}
 l - a potion of lignification {unknown}
 p - a potion of haste {unknown}
 r - a potion of heal wounds {unknown}
 t - a potion of ambrosia {unknown}
Comestibles
 c - 7 rations
 v - a chunk of flesh


   Skills:
 + Level 3.8 Fighting
 + Level 2.8 Axes
 * Level 2.2 Armour
 * Level 1.3 Dodging
 * Level 2.9 Invocations


You had 4 spell levels left.
You didn't know any spells.
Your spell library was empty.

Dungeon Overview and Level Annotations

Branches:
Dungeon (3/15)

Altars:

Annotations:
D:3 Grinder


Innate Abilities, Weirdness & Mutations

((You have hooves in place of feet.))
((Armour fits poorly on your strangely shaped body.))
((You cover ground very quickly.))
((You have extremely tough skin. (AC +3)))


Message History

You barely resist. You hit Grinder but do no damage.
Grinder is almost dead.
Grinder gestures at you. Pain shoots through your body!
You barely miss Grinder.
Grinder is almost dead.
Grinder hits you!
* * * LOW HITPOINT WARNING * * *
You writhe in agony.
* * * LOW HITPOINT WARNING * * *
Unknown command.
Things that are here:
a +0 short sword; a kobold corpse It was a potion of flight.
You feel very buoyant.
You fly up into the air.
Grinder hits you.
* * * LOW HITPOINT WARNING * * *
You writhe in agony.
You die...

*,,,,,,,* #.#.# *,,.....# #.#.#
***********,,.....# #.#.#
,,,,,,,,,,,,,.....###.#.#
,,,,,****#####.#...##.#.# ,,,,,*
#.....#...##.#.# ,,,,,*
#.....#.(.##.#.#
,,,,,****#.....#...##.#.#######
,,,,,,,,,+.....5h......>......#
,,,,,*,**#.....##..##.#.#####.#
,,****,* #.....#....#.#.# #.#,*
,,* *,* #....)######.#.###.#.###
,,* *,* #......,,,,..#.#...#.#..
,,* *,**#....##****###.#.#.#.#.#
,,* *,,......**#######.#.#.#.#.#
,,* *,.......,,.......<....#.#.#
,,****,.......,,.########)###.#..


You could see Grinder.

Vanquished Creatures
  Ijyb (D:3)
  Robin (D:2)
  3 adders (D:2)
  2 oozes
  2 dart slugs (D:2)
  A worm (D:3)
  6 leopard geckos
  18 goblins
  5 hobgoblins
  4 jackals (D:2)
  11 kobolds
  A quokka (D:2)
  A ball python (D:1)
  5 bats
  4 frilled lizards
  6 rats
71 creatures vanquished.

Notes
Turn   | Place    | Note
-------+----------+-------------------------------------------
     0 | Abyss:1  | Gargoyl the Centaur Abyssal Knight began the quest for the
                  | Orb.
     0 | Abyss:1  | Reached XP level 1. HP: 19/19 MP: 2/2
    25 | Abyss:2  | Found a corrupted altar of Lugonu.
    40 | Abyss:2  | Noticed a large abomination
    66 | Abyss:2  | Found a corrupted altar of Lugonu.
    84 | Abyss:2  | Noticed a small abomination
    97 | Abyss:2  | Noticed a wolf spider simulacrum
   100 | Abyss:2  | Noticed a large abomination
   101 | D:1      | Escaped the Abyss
   143 | D:1      | Reached * piety under Lugonu
   179 | D:1      | Reached XP level 2. HP: 26/26 MP: 3/3
   653 | D:2      | Reached skill level 1 in Dodging
   672 | D:2      | Reached XP level 3. HP: 30/31 MP: 4/4
   855 | D:2      | Reached ** piety under Lugonu
   862 | D:2      | Found a faded altar of an unknown god.
   933 | D:2      | Noticed Robin
   949 | D:2      | Reached XP level 4. HP: 30/40 MP: 5/5
   964 | D:2      | Killed Robin
  1475 | D:3      | Noticed Ijyb
  1507 | D:3      | Killed Ijyb
  1507 | D:3      | Reached XP level 5. HP: 46/46 MP: 7/7
  1611 | D:3      | Noticed Grinder
  1616 | D:3      | Paralysed by Grinder for 7 turns
  1631 | D:3      | HP: 1/46 [Grinder (5)]
  1631 | D:3      | Slain by Grinder

Levels and vault maps discovered:
D:1:      scummos_arrival_hexagon, layout_rooms, chequers_jeans
D:2:      layout_loops_ring, chequers_ecumenical_altar_simple_redux, uniq_robin
D:3:      layout_basic, lemuel_crystal_altar, uniq_grinder, uniq_ijyb

Skill      XL: |  1  2  3  4 |
---------------+-------------+-----
Axes           | 2 |  2.8
Dodging        | 1 |  1.3
Armour         | 2 |  2.2
Fighting       | |  3.8
Invocations    | |  2.9

Action                   |  1- 3 |  4- 6 || total
-------------------------+-------+-------++-------
Melee: Hand axe          |   107 |    91 ||   198
       Kick              |    14 |    18 ||    32
       Unarmed           |       |     3 ||     3
Invok: Depart the Abyss  |     1 |       ||     1
Evoke: Wand              |       |     2 ||     2
  Use: Scroll            |     1 |     7 ||     8
       Potion            |       |     1 ||     1
  Eat: Chunk             |       |     1 ||     1
Armor: Chain mail        |    76 |    80 ||   156
Dodge: Dodged            |    20 |    22 ||    42

Table legend:
 A = Non-vault XP
 B = Vault XP
 C = Vault XP percentage of total XP
 D = Non-vault monster count
 E = Vault monster count
 F = Vault count percentage of total count
                 A         B        C        D         E       F
            +---------+---------+-------+---------+---------+-------
      Total |     148 |      74 |  33.3 |      57 |      14 |  19.7
            +---------+---------+-------+---------+---------+-------
        D:1 |      32 |       0 |   0.0 |      18 |       0 |   0.0
        D:2 |     101 |      38 |  27.3 |      32 |      13 |  28.9
        D:3 |      15 |      36 |  70.6 |       7 |       1 |  12.5
            +---------+---------+-------+---------+---------+-------
